 Dungeon Crawl Stone Soup version 0.17.1-1-g73c8601 (webtiles) character file.

8471 endoflane the Nimble (level 11, -15/86 HPs)
             Began as a Demonspawn Gladiator on Feb 4, 2016.
             Was a Priest of Dithmenos.
             Demolished by a komodo dragon (25 damage)
             ... on level 1 of the Lair of Beasts on Feb 5, 2016.
             The game lasted 00:29:23 (11039 turns).

endoflane the Nimble (Demonspawn Gladiator)        Turns: 11039, Time: 00:29:23

Health: -15/86     AC:  9    Str: 24    XL:     11   Next: 10%
Magic:  0/11       EV: 19    Int:  9    God:    Dithmenos [***...]
Gold:   422        SH:  0    Dex: 14    Spells: 0 memorised, 10 levels left

rFire  + . .     SeeInvis .     S - +5 mace
rCold  . . .     Clarity  .     L - +2 leather armour {rC+}
rNeg   . . .     SustAt   .     (no shield)
rPois  .         Gourm    .     H - +0 helmet (curse)
rElec  .         Spirit   +     h - +0 cloak
rCorr  .         Warding  .     y - +0 pair of gloves
rMut   .         Stasis   .     (no boots)
MR     .....                    E - amulet of regeneration
Stlth  +++.......               (no ring)
                                q - ring of fire

@: mighty, wreathed by umbra, not resistant to hostile enchantments, fairly
stealthy
A: hooves 2, repulsion field 1, spiny 1, magic shield
a: Shadow Step, Renounce Religion


You were on level 1 of the Lair of Beasts.
You worshipped Dithmenos.
Dithmenos was most pleased with you.
You were near starving.

You visited 2 branches of the dungeon, and saw 9 of its levels.

You collected 422 gold pieces.

Inventory:

Hand Weapons
 w - a +0 morningstar
 x - a +0 dire flail
 I - a +0 long sword of electrocution
 S - a +5 mace (weapon)
Missiles
 d - 2 throwing nets (quivered)
 n - 301 stones
 F - 2 javelins of returning
Armour
 b - a +0 leather armour
 c - a +0 helmet
 h - a +0 cloak (worn)
 y - a +0 pair of gloves (worn)
 B - a troll hide
 H - a cursed +0 helmet (worn)
 L - a +2 leather armour of cold resistance (worn)
Jewellery
 q - a ring of fire (left hand)
 r - an uncursed ring of teleportation
 E - an amulet of regeneration (around neck)
Wands
 u - a wand of confusion (5)
 C - a wand of polymorph (12)
 O - a wand of heal wounds (3)
Scrolls
 f - 3 scrolls of identify
 g - a scroll of magic mapping
 j - 4 scrolls of teleportation
 l - 2 scrolls of remove curse
 s - a scroll of recharging
 t - 3 scrolls of enchant weapon
 v - 3 scrolls of amnesia {unknown}
 A - a scroll of fear {unknown}
 D - a scroll of summoning {unknown}
 G - a scroll of enchant armour {unknown}
 K - 2 scrolls of noise {unknown}
Potions
 a - a potion of beneficial mutation {unknown}
 i - a potion of magic {unknown}
 o - a potion of cure mutation
 z - a potion of cancellation
 R - a potion of curing
Books
 P - a book of the Warp

   Spells                             Type                      Level
   a - Recall                         Summoning/Translocation      3
   b - Gell's Gravitas                Hexes/Translocation          3
   c - Force Lance                    Conjuration/Translocation    4
   d - Phase Shift                    Translocation                5
   e - Warp Weapon                    Charms/Translocation         5
   f - Summon Forest                  Summoning/Translocation      5
Miscellaneous
 Q - a phantom mirror
Comestibles
 e - 7 bread rations
 k - a slice of pizza
 m - 17 fruits
 p - 4 meat rations
 N - a royal jelly


   Skills:
 + Level 8.0 Fighting
 + Level 8.9 Maces & Flails
 + Level 2.2 Throwing
 + Level 4.5 Armour
 + Level 10.0 Dodging
 + Level 3.5 Stealth
 + Level 0.8 Evocations


You had 10 spell levels left.
You didn't know any spells.

Dungeon Overview and Level Annotations

Branches:
Dungeon (8/15)             Temple (0/1) D:6            Lair (1/8) D:8

Altars:
Cheibriados
Dithmenos
Fedhas
Makhleb
Ru
Vehumet
Xom
Zin
The Shining One


Innate Abilities, Weirdness & Mutations

You have hoof-like feet.
You are surrounded by a mild repulsion field (EV +2).
You are partially covered in sharp spines.
When hurt, damage is shared between your health and your magic reserves.


Message History

The komodo dragon misses you.
You sock the komodo dragon!
You kick the komodo dragon, but do no damage.
The komodo dragon is moderately wounded.
The komodo dragon is struck by your spines.
The komodo dragon bites you!!
You barely miss the komodo dragon.
You kick the komodo dragon, but do no damage.
The komodo dragon is heavily wounded.
The komodo dragon bites you!!
* * * LOW HITPOINT WARNING * * *
You are too injured to fight recklessly!
You are too injured to fight recklessly!
Drink which item? (? for menu, Esc to quit)
You feel much better. The komodo dragon bites you!!
* * * LOW HITPOINT WARNING * * *
Drink which item? (? for menu, Esc to quit)
You feel very mighty all of a sudden. The komodo dragon bites you!!
You die...

.....##...........§§≈≈§≈.....###.
##P.##P...........≈≈##§≈.........
#..##...........≈≈###≈.........
#.###...........≈≈# #≈.........
#.##............≈≈###≈.#.P#....
###.###...........≈≈##§≈.#.##....
..................≈≈§≈≈§...##....
###.###....................#.....
#.# #.......).@........#.##....
##.# #........l...........#.....
##..####.........................
#.#..# #...........######.P.#....
....## #...........P#≈#####.#....
....## #............≈≈≈≈≈≈#......
.....###...........#≈≈≈≈≈≈#......
....###............#≈≈≈≈≈≈#......
#P#.####............≈≈≈≈≈≈.......


You could see a komodo dragon.

Vanquished Creatures
  3 spiny frogs (Lair:1)
  A troll (D:5)
  5 blink frogs (Lair:1)
  12 yaks (Lair:1)
  Eustachio (D:6)
  A hippogriff (D:8)
  A steam dragon (D:8)
  Menkaure (D:5)
  Edmund (D:5)
  2 wargs (D:8)
  2 ice beasts
  2 water moccasins (Lair:1)
  3 porcupines (Lair:1)
  4 orc warriors
  A sky beast (D:8)
  A phantom (D:8)
  3 big kobolds
  3 ogres
  A centaur (D:6)
  2 giant frogs (D:7)
  2 scorpions
  9 killer bees
  A jelly (D:5)
  A lava snake (Lair:1)
  3 crimson imps
  An electric eel (Lair:1)
  A centaur skeleton (D:5)
  A centaur zombie (D:5)
  4 hounds
  A giant frog zombie (D:5)
  4 orc wizards
  3 orc priests (D:8)
  3 quasits
  An iguana (D:8)
  9 worker ants
  2 hound zombies
  2 hound skeletons
  A mummy (D:4)
  A gnoll (D:3)
  10 adders
  8 river rats (Lair:1)
  3 oozes (D:3)
  2 adder zombies
  An adder skeleton (D:4)
  2 worms
  7 giant geckos
  21 orcs
  4 bats
  3 hobgoblins
  8 jackals
  33 kobolds
  5 quokkas
  2 ball pythons
  4 giant cockroaches
  A giant cockroach zombie (D:5)
  A giant gecko skeleton (D:8)
  3 giant newts
  9 goblins
  A hobgoblin zombie (D:4)
  2 kobold zombies (D:4)
  An orc zombie (D:4)
  A quokka zombie (D:7)
  6 rats
  A fire vortex (Lair:1)
239 creatures vanquished.

Vanquished Creatures (others)
  2 fungi (Lair:1)
  3 plants (Lair:1)
5 creatures vanquished.

Grand Total: 244 creatures vanquished

Notes
Turn   | Place    | Note
--------------------------------------------------------------
     0 | D:1      | endoflane the Demonspawn Gladiator began the quest for the Orb.
     0 | D:1      | Reached XP level 1. HP: 16/16 MP: 1/1
   305 | D:1      | Gained mutation: You have large cloven feet. [demonic ancestry]
   305 | D:1      | Reached XP level 2. HP: 17/22 MP: 2/2
   758 | D:2      | Reached skill level 3 in Maces & Flails
   796 | D:2      | Found a faded altar to an unknown god.
   910 | D:2      | Gained mutation: When hurt, damage is shared between your health and your magic reserves. [demonic ancestry]
   910 | D:2      | Reached XP level 3. HP: 20/28 MP: 3/3
  1530 | D:2      | Found a snail-covered altar of Cheibriados.
  1654 | D:3      | Found a shimmering altar of Xom.
  1925 | D:3      | Reached XP level 4. HP: 32/34 MP: 4/4
  2129 | D:3      | Reached skill level 1 in Armour
  2188 | D:3      | Noticed a scorpion
  2195 | D:3      | Killed a scorpion
  2195 | D:3      | Gained mutation: You have hoof-like feet. [demonic ancestry]
  2195 | D:3      | Reached XP level 5. HP: 40/40 MP: 5/5
  2221 | D:3      | Found a shimmering altar of Xom.
  2221 | D:3      | Found a shimmering altar of Xom.
  2324 | D:3      | Reached skill level 1 in Stealth
  2615 | D:3      | Found a shimmering altar of Xom.
  2912 | D:4      | Reached skill level 4 in Dodging
  2912 | D:4      | Gained mutation: You are surrounded by a mild repulsion field (EV +2). [demonic ancestry]
  2912 | D:4      | Reached XP level 6. HP: 20/47 MP: 3/6
  3132 | D:4      | Noticed an ogre
  3140 | D:4      | Killed an ogre
  3975 | D:4      | Reached XP level 7. HP: 30/52 MP: 3/7
  4047 | D:5      | Entered Level 5 of the Dungeon
  4123 | D:5      | Found a shadowy altar of Dithmenos.
  4126 | D:5      | Noticed Edmund
  4160 | D:5      | Killed Edmund
  4177 | D:5      | Reached skill level 5 in Dodging
  4512 | D:5      | Noticed Menkaure
  4518 | D:5      | Killed Menkaure
  4686 | D:5      | Noticed a troll
  4992 | D:5      | Became a worshipper of Dithmenos the Shadowed
  5248 | D:5      | Killed a troll
  5248 | D:5      | Reached skill level 5 in Maces & Flails
  5248 | D:5      | Reached XP level 8. HP: 23/61 MP: 3/8
  6210 | D:5      | Found a glowing silver altar of Zin.
  6263 | D:5      | Reached skill level 5 in Fighting
  6331 | D:5      | Reached skill level 6 in Dodging
  6679 | D:6      | Reached * piety under Dithmenos
  6692 | D:6      | Noticed Eustachio
  6693 | D:6      | Found a staircase to the Ecumenical Temple.
  6702 | D:6      | Killed Eustachio
  7649 | D:7      | Reached XP level 9. HP: 34/69 MP: 4/9
  7662 | D:7      | Reached ** piety under Dithmenos
  7854 | D:7      | Reached skill level 7 in Dodging
  8077 | D:7      | Found a burning altar of Makhleb.
  8329 | D:8      | Found a sacrificial altar of Ru.
  8376 | D:8      | Found a staircase to the Lair.
  8411 | D:8      | Reached skill level 8 in Dodging
  8678 | D:8      | Reached *** piety under Dithmenos
  8723 | D:8      | Reached XP level 10. HP: 66/77 MP: 10/10
  8801 | D:8      | Found a glowing golden altar of the Shining One.
  8950 | D:8      | Found a blossoming altar of Fedhas.
  9017 | D:8      | Found a radiant altar of Vehumet.
  9102 | Lair:1   | Entered Level 1 of the Lair of Beasts
  9221 | Lair:1   | Noticed a seven-headed hydra
  9388 | Lair:1   | Reached skill level 9 in Dodging
  9622 | Lair:1   | Noticed a black mamba
 10693 | Lair:1   | Reached skill level 10 in Dodging
 10693 | Lair:1   | Gained mutation: You are partially covered in sharp spines. [demonic ancestry]
 10693 | Lair:1   | Reached XP level 11. HP: 60/86 MP: 8/11
 11039 | Lair:1   | Demolished by a komodo dragon

Action                   |  1- 3 |  4- 6 |  7- 9 | 10-12 || total
-------------------------+-------+-------+-------+-------++-------
Melee: Flail             |   103 |   172 |    44 |       ||   319
       Dire flail        |       |       |   491 |   290 ||   781
       Mace              |       |       |       |     6 ||     6
Throw: Throwing net      |     1 |       |     1 |       ||     2
       Stone             |       |       |     6 |       ||     6
Evoke: Wand              |       |       |     5 |       ||     5
  Use: Potion            |     1 |     3 |     3 |     3 ||    10
       Scroll            |       |     5 |     5 |     1 ||    11
 Stab: Sleeping          |       |       |     4 |       ||     4
       Confused          |       |       |     1 |       ||     1
       Distracted        |       |       |     1 |     1 ||     2
  Eat: Chunk             |     3 |     6 |    16 |     9 ||    34
       Fruit             |       |       |     2 |       ||     2
